 Dungeon Crawl Stone Soup version 0.28-a0-1159-g27aa881441 (webtiles) character file.

Game seed: 621371979855850909

2212 blank1 the Fighter (level 9, 0/85 HPs)
             Began as a Minotaur Fighter on Dec 15, 2021.
             Was a Follower of Okawaru.
             Killed from afar by Maggie (21 damage)
             ... with a bolt of fire
             ... on level 6 of the Dungeon.
             The game lasted 00:09:25 (6541 turns).

blank1 the Fighter (Minotaur Fighter)               Turns: 6541, Time: 00:09:25

Health: 0/85       AC: 16    Str: 22    XL:     9   Next: 13%
Magic:  10/10      EV:  9    Int:  5    God:    Okawaru [*.....]
Gold:   201        SH:  5    Dex: 13    Spells: 8/8 levels left

rFire   . . .      SeeInvis .   d - +0 morningstar (vorpal)
rCold   + . .      Faith    .   c - +0 buckler
rNeg    . . .      Spirit   .   f - +0 chain mail
rPois   .          Reflect  .   (helmet restricted)
rElec   .          Harm     .   (no cloak)
rCorr   .          Rampage  .   s - +1 pair of gloves
Will    .....                   (no boots)
Stlth   ..........              (no amulet)
HPRegen 0.24/turn               m - +4 ring of protection
MPRegen 0.12/turn               l - ring of protection from cold

@: no status effects
A: horns 2, retaliatory headbutt
a: Renounce Religion, Heroism


You were on level 6 of the Dungeon.
You worshipped Okawaru.
Okawaru was aware of your devotion.
You visited 2 branches of the dungeon, and saw 7 of its levels.
You also visited: Sewer.

You collected 201 gold pieces.

Inventory:

Hand Weapons
 d - a +0 vorpal morningstar (weapon)
Armour
 c - a +0 buckler (worn)
 f - a +0 chain mail (worn)
 s - a +1 pair of gloves (worn)
Jewellery
 i - a ring of ice
 l - a ring of protection from cold (right hand)
 m - a +4 ring of protection (left hand)
Wands
 p - a wand of polymorph (11)
Scrolls
 a - 2 scrolls of fear
 q - a scroll of summoning {unknown}
 t - a scroll of acquirement {unknown}
Potions
 b - a potion of flight {unknown}
 e - 4 potions of mutation {unknown}
 g - 5 potions of attraction {unknown}
 h - 4 potions of heal wounds
 j - 2 potions of brilliance {unknown}
 k - 3 potions of haste
 n - a potion of degeneration {unknown}
 o - a potion of resistance {unknown}
 r - a potion of curing {unknown}


   Skills:
 - Level 10.0 Fighting
 + Level 8.3 Maces & Flails
 - Level 6.0 Armour
 - Level 4.0 Dodging
 - Level 4.0 Shields
 - Level 3.0 Invocations


You had 8 spell levels left.
You didn't know any spells.
Your spell library contained the following spells:

 Spells                   Type           Power      Damage    Failure   Level
 Blink                    Tloc           0%         N/A       99%         2
 Conjure Flame            Conj/Fire      0%         6-21      100%        3
 Frozen Ramparts          Ice            0%         1d2       100%        3
 Ignite Poison            Fire/Tmut/Pois 0%         N/A       100%        3
 Lesser Beckoning         Tloc           0%         N/A       100%        3
 Stone Arrow              Conj/Erth      0%         3d7       100%        3
 Ice Form                 Ice/Tmut       0%         N/A       100%        4
 Sticky Flame             Conj/Fire      0%         2d3       100%        4
 Manifold Assault         Tloc           0%         N/A       100%        5
 Lehudib's Crystal Spear  Conj/Erth      0%         10d2      100%        8
 Animate Armour           Summ/Erth      Unusable   N/A       N/A         4
 Summon Ice Beast         Ice/Summ       Unusable   N/A       N/A         4

Dungeon Overview and Level Annotations

Branches:
Dungeon (6/15)             Temple (1/1) D:5           Sewer (visited)

Altars:
Fedhas
Gozag
Hepliaklqana
Kikubaaqudgha
Okawaru
Qazlal
Sif Muna
Wu Jian
Xom
Yredelemnul
Zin
Jiyva

Annotations:
D:6 Maggie


Innate Abilities, Weirdness & Mutations

You have a pair of horns on your head.
You reflexively headbutt those who attack you in melee.


Message History

Maggie gestures wildly while chanting.
Maggie attempts to bespell you!
You are mesmerised by Maggie!
You barely miss Maggie. Your headbutt misses Maggie.
Maggie hits you with a +0 long sword! Maggie misses you.
You hit Maggie.
Maggie is lightly wounded.
Maggie hits you with a +0 long sword!
You closely miss Maggie.
Maggie is lightly wounded.
Maggie misses you.
You hit Maggie but do no damage. You headbutt Maggie!
Maggie is moderately wounded.
Maggie hits you but does no damage.
You puncture Maggie!
Maggie is heavily wounded.
Maggie gestures at you while chanting. The bolt of fire hits you!!
You hit Maggie but do no damage.
Maggie is heavily wounded.
Maggie casts a spell at you. The bolt of fire misses you.
You closely miss Maggie. Your headbutt misses Maggie.
Maggie is heavily wounded.
Maggie hits you with a +0 long sword!
You barely miss Maggie. You headbutt Maggie!
Maggie is severely wounded.
You break out of your daze.
Maggie gestures at you while chanting. The bolt of fire hits you!
* * * LOW HITPOINT WARNING * * *
You sock Maggie!
Maggie is almost dead.
Maggie gestures wildly while chanting.
Maggie attempts to bespell you! You resist.
You barely miss Maggie. Your headbutt misses Maggie.
Maggie is almost dead.
Maggie gestures at you while chanting. The bolt of fire hits you!!
You die...

#.# #.# ..# #.# #.#
# ####.#####.#
#########?.!.).....#
#.............@@.#
###.#####......###.#
.#...# #.#.#### #
..)..# #.#.# .....##
#.#.# #
......###.#.##....
..'##'.........#
..#โ‰ˆโ‰ˆ#..#.#.####
.##รทโ‰ˆ##.#....#


You could see Maggie.

Vanquished Creatures
  Grinder (D:3)
  Menkaure (D:4)
  Duvessa (D:5)
  A water moccasin (D:5)
  A black bear (D:5)
  A necrophage (D:5)
  An ogre (D:3)
  A sky beast (D:5)
  A centaur (D:6)
  A phantom (D:5)
  4 kobold brigands (Sewer)
  Blork the orc (D:4)
  A water moccasin zombie (D:5)
  A scorpion (D:5)
  Dowan (D:5)
  A bullfrog zombie (D:5)
  2 centaur zombies
  A hound (D:5)
  5 orc priests
  2 scorpion zombies (D:5)
  Natasha (thrice) (D:3)
  An iguana (D:5)
  An orc wizard (D:5)
  9 adders
  A gnoll (D:1)
  A river rat (Sewer)
  A white imp (D:5)
  An ufetubus (D:5)
  3 worms
  3 dart slugs
  14 orcs
  5 bats
  10 endoplasms
  3 giant cockroaches
  4 goblins
  4 hobgoblins
  4 jackals
  A quokka (D:1)
  11 ball pythons
  2 frilled lizards
  11 kobolds
  10 rats
132 creatures vanquished.

Notes
Turn   | Place    | Note
-------+----------+-------------------------------------------
     0 | D:1      | blank1 the Minotaur Fighter began the quest for the Orb.
     0 | D:1      | Reached XP level 1. HP: 19/19 MP: 0/0
   258 | D:1      | Reached XP level 2. HP: 22/27 MP: 1/1
   354 | D:1      | Found a faded altar of an unknown god.
   509 | D:1      | Reached skill level 1 in Dodging
  1116 | D:2      | Reached XP level 3. HP: 33/33 MP: 2/2
  1267 | D:2      | Reached skill level 4 in Fighting
  1835 | D:2      | Reached XP level 4. HP: 30/40 MP: 3/3
  2207 | D:3      | Noticed Grinder
  2210 | D:3      | Killed Grinder
  2211 | D:3      | Reached skill level 5 in Fighting
  2211 | D:3      | Reached skill level 5 in Maces & Flails
  2211 | D:3      | Reached XP level 5. HP: 48/48 MP: 4/4
  2211 | D:3      | Reached XP level 6. HP: 56/56 MP: 5/5
  2306 | D:3      | Noticed Natasha
  2313 | D:3      | Killed Natasha
  2358 | D:3      | Noticed Natasha
  2363 | D:3      | Killed Natasha
  2372 | D:3      | Noticed Natasha
  2381 | D:3      | Killed Natasha
  2558 | D:3      | Reached skill level 6 in Fighting
  2995 | D:4      | Found a stormy altar of Qazlal.
  3009 | D:4      | Reached XP level 7. HP: 36/63 MP: 6/6
  3168 | D:4      | Noticed Blork the orc
  3169 | D:4      | Reached skill level 5 in Armour
  3175 | D:4      | Killed Blork the orc
  3305 | D:4      | Found a glowing silver altar of Zin.
  3339 | D:4      | Noticed Menkaure
  3349 | D:4      | Killed Menkaure
  3362 | D:4      | Found an opulent altar of Gozag.
  3919 | D:5      | Entered Level 5 of the Dungeon
  3989 | D:5      | Reached skill level 7 in Fighting
  4245 | D:5      | Reached XP level 8. HP: 72/73 MP: 7/7
  4296 | D:5      | Found a basalt altar of Yredelemnul.
  4475 | D:5      | Found a staircase to the Ecumenical Temple.
  4475 | D:5      | Noticed Dowan
  4485 | D:5      | Killed Dowan
  4486 | D:5      | Reached skill level 8 in Fighting
  4492 | D:5      | Noticed Duvessa
  4503 | D:5      | Killed Duvessa
  4514 | Temple   | Entered the Ecumenical Temple
  4721 | Temple   | Became a worshipper of Warmaster Okawaru
  5031 | D:5      | Reached skill level 1 in Invocations
  5360 | D:5      | Reached skill level 9 in Fighting
  5672 | D:6      | Found a glowing drain.
  5676 | Sewer    | Entered a sewer
  6210 | Sewer    | Reached XP level 9. HP: 84/84 MP: 10/10
  6381 | Sewer    | Reached * piety under Okawaru
  6408 | Sewer    | Reached skill level 10 in Fighting
  6529 | D:6      | Noticed Maggie
  6541 | D:6      | Killed from afar by Maggie

Illustrated notes

Levels and vault maps discovered:
D:1:      lemuel_arrival_tunnels, layout_basic,
          dreamdust_ecumenical_altar_statues, patterned_corridor
D:2:      layout_loops_corners, kennysheep_flooded_box
D:3:      layout_basic, uniq_natasha, uniq_grinder
D:4:      layout_cave_pools, nicolae_overflow_hidden_temple,
          pdpol_temple_overflow_zin_treasury_gozag_greed, corner_web_ring,
          uniq_blork_the_orc, uniq_menkaure
D:5:      layout_layer_cave, nicolae_yredelemnul_corpse_copse,
          minmay_temple_entry_waves, uniq_duvessa
D:6:      layout_loops_ring, gup_sewer_entry_bowl,
          minmay_shop_enchanted_jewellery, uniq_maggie
Temple:   pf_slime_end_temple

Skill      XL: |  1  2  3  4  5  6  7  8  9 |
---------------+----------------------------+-----
Dodging        | 1 2 3 4 |  4.0
Shields        | 4 |  4.0
Armour         | 4 5 6 |  6.0
Fighting       | 4 5 6 7 9 10 | 10.0
Maces & Flails | 3 5 6 7 8 |  8.3
Invocations    | 3 |  3.0

Action                   |  1- 3 |  4- 6 |  7- 9 || total
-------------------------+-------+-------+-------++-------
Melee: Flail             |    74 |    40 |       ||   114
       Headbutt          |    10 |     6 |    38 ||    54
       Morningstar       |       |    10 |   215 ||   225
Evoke: Wand              |       |       |     1 ||     1
  Use: Potion            |     1 |     1 |       ||     2
       Scroll            |       |     5 |     2 ||     7
Armor: Scale mail        |    32 |    17 |    16 ||    65
       Chain mail        |       |       |   104 ||   104
Dodge: Dodged            |    32 |    23 |    98 ||   153
Block: Buckler           |    11 |     7 |    47 ||    65

Table legend: (Time is in decaauts)
 A = Elapsed time spent in this place.
 B = Non-inter-level travel time spent in this place.
 C = Inter-level travel time spent in this place.
 D = Time resting spent in this place.
 E = Time spent auto-exploring this place.
 F = Levels seen in this place.
 G = Mean time per level.
                   A        B        C        D        E       F      G
               +--------+--------+--------+--------+--------+-----+--------+
         Total |   6778 |   6495 |    283 |    397 |   5036 |   8 |  847.2 |
       Dungeon |   5564 |   5305 |    259 |    218 |   4248 |   6 |  927.3 |
        Temple |    224 |    200 |     24 |      0 |    186 |   1 |  224.0 |
         Sewer |    989 |    989 |      0 |    179 |    602 |   1 |  989.0 |
               +--------+--------+--------+--------+--------+-----+--------+

Top non-repeatable levels by time:
     D:5: 1449 daAuts
     D:1: 1120 daAuts
     D:2: 1058 daAuts
   Sewer: 989 daAuts
     D:3: 971 daAuts
     D:4: 830 daAuts
  Temple: 224 daAuts
     D:6: 134 daAuts
